 Dungeon Crawl Stone Soup version 0.14-a0-1403-g5d3c58f (webtiles) character file.

68 M4edhros the Cudgeler (level 4, -1/30 HPs)
             Began as an Octopode Wanderer on Dec 10, 2013.
             Slain by a hound (2 damage)
             ... on Level 4 of the Dungeon.
             The game lasted 00:01:21 (725 turns).

M4edhros the Cudgeler (Octopode Wanderer)            Turns: 725, Time: 00:01:22

HP  -1/30        AC  1     Str 14      XL: 4   Next: 10%
MP   4/4         EV 12     Int 14      God:
Gold 5           SH  0     Dex  9      Spells:  0 memorised,  3 levels left

rFire  . . .     SeeInvis .     b - +0 crossbow
rCold  . . .     Clarity  .     (no shield)
rNeg   . . .     Conserve .     (helmet restricted)
rPois  .         rCorr    .     (no amulet)
rElec  .         rRot     .     (no ring)
SustAb . .       Spirit   .     (no ring)
rMut   .         Warding  .     (no ring)
Saprov . . .     Stasis   .     (no ring)
                                (no ring)
                                (no ring)
                                (no ring)
                                (no ring)

@: slightly resistant to hostile enchantments, stealthy
A: almost no armour, amphibious, 8 rings, constrict 8, camouflage 1, gelatinous
body 1
a: no special abilities


You were on level 4 of the Dungeon.
You were not hungry.

You visited 1 branch of the dungeon, and saw 4 of its levels.

You collected 5 gold pieces.

Inventory:

Hand weapons
 a - a +2,+3 mace
 b - a +0,+0 crossbow (weapon)
 c - a +0,+0 spear
Missiles
 e - 14 bolts (quivered)
Comestibles
 f - a bread ration
 h - a meat ration
Scrolls
 d - 2 scrolls of curse armour {unknown}
 g - a scroll of identify {unknown}
Potions
 i - a potion of brilliance {unknown}


   Skills:
 + Level 2.7 Fighting
 + Level 3.5 Maces & Flails
 - Level 2.0 Polearms
 + Level 1.6 Crossbows
 + Level 2.0 Dodging
 - Level 1.3 Stealth
   Level 1.1 Evocations


You had 3 spell levels left.
You didn't know any spells.

Dungeon Overview and Level Annotations

Branches:
Dungeon (4/16)
 Temple: D:4-7

Altars:

Annotations:
D:3 thfral's ghost, average DsFi


Innate Abilities, Weirdness & Mutations

You cannot wear most types of armour.
You are amphibious.
You can wear up to eight rings at the same time.
You can use your tentacles to constrict many enemies at once.
Your skin changes colour to match your surroundings (Stlth).
Your rubbery body absorbs attacks (AC +1).


Message History

Press: ? - help, Shift-Dir - straight line, f/p - hound
Aim: a hound You shoot a bolt.
The bolt hits the hound.
The hound is moderately wounded.
The hound bites you but does no damage. The hound misses you.
Firing (i - inventory):
e - 16 bolts (quivered)
Press: ? - help, Shift-Dir - straight line, f/p - hound
Aim: a hound (moderately wounded)
You shoot a bolt. The bolt hits the hound.
The hound is heavily wounded.
The hound bites you.
* * * LOW HITPOINT WARNING * * *
The hound barely misses you.
Firing (i - inventory):
e - 15 bolts (quivered)
Press: ? - help, Shift-Dir - straight line, f/p - hound
Aim: a hound (heavily wounded)
You shoot a bolt. The bolt hits the hound.
The hound is almost dead.
The hound bites you.
You die...

##### ...# #.#####
########
###.....###......#
#..)........# #.# ###
#@#..##.##..####.#
#.K.##h#..##.......##.#
#..g...#####..#.##.#
#..#.#.#####..#.##.#
#.....#.............#
...#.#.#######.##.##.#
#...$...# #.##.##.#
#.#.#.#.# #.##....#
(.......# #.#####.#


You could see a hound and a goblin.

Vanquished Creatures
  A hound (D:4)
  An adder (D:2)
  An inept item mimic (D:2)
  A giant eyeball (D:4)
  A giant gecko (D:1)
  2 giant cockroaches
  2 hobgoblins
  A quokka (D:2)
  2 ball pythons (D:3)
  A giant newt (D:2)
  2 goblins (D:2)
  4 rats
19 creatures vanquished.

Notes
Turn   | Place    | Note
--------------------------------------------------------------
     0 | D:1      | M4edhros, the Octopode Wanderer, began the quest for the Orb.
     0 | D:1      | Reached XP level 1. HP: 14/14 MP: 1/1
   302 | D:2      | Reached XP level 2. HP: 19/19 MP: 2/2
   612 | D:2      | Reached skill level 1 in Crossbows
   612 | D:2      | Reached XP level 3. HP: 23/25 MP: 3/3
   668 | D:3      | Noticed thfral's ghost (average DsFi)
   676 | D:3      | Noticed a centaur
   721 | D:4      | Reached XP level 4. HP: 12/30 MP: 4/4
   724 | D:4      | HP: 1/30 [hound (3)]
   725 | D:4      | Slain by a hound

Action                   |  1- 3 |  4- 6 || total
-------------------------+-------+-------++-------
Melee: Mace              |    32 |       ||    32
 Fire: Crossbow          |    10 |     4 ||    14
 Stab: Sleeping          |     2 |       ||     2
